AoeStats
← Angelita Socialista

Arabian Desert

509714250Analyzed
1v1 RM · 5d ago on Sep 27, 2026· 49m 22s· 2 players
Game mode
Random Map
Map size
Tiny (2 player)
Population
200
Speed
Normal
Resources
Standard
Victory
Conquest
Starting age
Dark Age
Ending age
Imperial Age
RankedLock teamsTeams togetherTeam positionsShared explorationLock speedFull tech treeHidden civsTurbo modeCheats
Victory
Defeat
🇺🇸 Burgundians · United States
784
+14
🇦🇷 Byzantines · Argentina
750
-14
Angelita Socialista
8:25 Loom
11:12 Feudal Age
15:06 Double-Bit Axe
16:41 Padded Archer Armor
24:06 Castle Age
23:42 Fletching
25:42 Bodkin Arrow
25:30 Crossbowman
28:05 Husbandry
29:28 Forging
29:26 Scale Barding Armor
30:22 Leather Archer Armor
31:03 Forging
33:44 Horse Collar
35:19 Iron Casting
34:11 Elite Skirmisher
35:06 Thumb Ring
35:17 Gold Mining
35:20 Stone Mining
35:21 Gold Mining
37:59 Heavy Plow
38:36 Wheelbarrow
43:30 Imperial Age
43:11 Chain Barding Armor
45:24 Scale Mail Armor
46:03 Plate Barding Armor
45:30 Bracer
46:00 Ring Archer Armor
44:56 Cavalier
45:13 Arbalester
48:24 Paladin
Hatsnballs
5:36 Loom
6:19 Double-Bit Axe
10:12 Feudal Age
11:24 Town Watch
14:04 Bow Saw
15:53 Arson
19:53 Gold Mining
22:35 Castle Age
22:20 Fletching
22:41 Forging
25:12 Wheelbarrow
24:41 Town Patrol
32:16 Cavalier
32:57 Husbandry
33:00 Stone Mining
36:32 Elite Skirmisher
39:54 Imperial Age
45:39 Chemistry
45:00 Ballistics
44:37 Murder Holes
44:53 Fortified Wall
49:13 Paladin
Connection lost

Rejoining the realm…

Still unreachable

The connection could not be restored.

Session expired

The server has moved on; the page needs a fresh start.